 Dungeon Crawl Stone Soup version 0.29-a0-872-g797fff5ad1 (webtiles) character file.

Game seed: 1514860083644355533

74 BlueGoblin the Grasshopper (level 4, -1/37 HPs)
             Began as a Draconian Warper on July 19, 2022.
             Killed by divine providence
             ... invoked by an orc priest
              (12 damage)
             ... on level 3 of the Dungeon.
             The game lasted 00:06:11 (3346 turns).

BlueGoblin the Grasshopper (Draconian Warper)       Turns: 3346, Time: 00:06:12

Health: -1/37      AC:  5    Str: 10 (13) XL:     4   Next: 10%
Magic:  7/7        EV: 12    Int: 10 (13) God:
Gold:   67         SH:  0    Dex: 10 (13) Spells: 5/7 levels left

rFire   . . .      SeeInvis .   a - +0 falchion
rCold   . . .      Faith    .   (no shield)
rNeg    . . .      Spirit   .   (body armour unavailable)
rPois   .          Reflect  .   (helmet restricted)
rElec   .          Harm     .   (no cloak)
rCorr   .          Rampage  .   (no gloves)
Will    .....                   (no boots)
Stlth   +.........              (no amulet)
HPRegen 0.12/turn               (no ring)
MPRegen 0.10/turn               (no ring)

@: no status effects
A: AC +5, unfitting armour, cold-blooded
a: no special abilities


You were on level 3 of the Dungeon.
You visited 1 branch of the dungeon, and saw 3 of its levels.

You collected 67 gold pieces.

Inventory:

Hand Weapons
 a - a +0 falchion (weapon)
 i - a +0 morningstar
Missiles
 c - a boomerang of dispersal (quivered)
Scrolls
 b - a scroll of blinking
 e - 2 scrolls of enchant armour
 j - a scroll of teleportation {unknown}
Potions
 d - a potion of flight


   Skills:
 + Level 2.5 Fighting
 + Level 2.8 Long Blades
 - Level 0.8 Throwing
 + Level 2.8 Dodging
 + Level 2.2 Spellcasting
 + Level 3.5 Translocations


You had 5 spell levels left.
You knew the following spells:

 Your Spells              Type           Power      Damage    Failure   Level
a - Blink                 Tloc           16%        N/A       11%         2

Your spell library contained the following spells:

 Spells                   Type           Power      Damage    Failure   Level
 Gell's Gravitas          Tloc           8%         N/A       22%         3
 Lesser Beckoning         Tloc           8%         N/A       22%         3
 Teleport Other           Tloc           8%         N/A       22%         3
 Necrotise                Necr           4%         1d4       30%         1
 Ensorcelled Hibernation  Hex/Ice        2%         N/A       43%         2
 Spider Form              Tmut/Pois      1%         N/A       67%         3
 Vampiric Draining        Necr           1%         2d6       67%         3
 Manifold Assault         Tloc           8%         N/A       89%         5
 Anguish                  Hex/Necr       0%         N/A       97%         4
 Agony                    Necr           1%         N/A       100%        5


Dungeon Overview and Level Annotations

Branches:
Dungeon (3/15)

Altars:

Annotations:
D:2 1 runed translucent door, Crazy Yiuf, Sigmund


Innate Abilities, Weirdness & Mutations

Your plain brown scales are hard. (AC +5)
You cannot fit into any form of body armour.
You are cold-blooded and may be slowed by cold attacks.


Message History

The jackal barks!
You barely miss the jackal.
The jackal bites you but does no damage.
The jackal closely misses you.
You closely miss the jackal.
The jackal bites you but does no damage.
The jackal barely misses you.
You hit the jackal.
The jackal is heavily wounded.
The jackal closely misses you.
You hit the jackal.
You kill the jackal!
No target in view!
No target in view!
An orc priest comes into view. It is wielding a +0 dagger of draining.
The orc priest shouts!
You hear a shout! x2
An orc priest opens the door. 2 orcs come into view.
There is an open door here.
An orc comes into view. It is wielding a +0 club.
The orc shouts!
You closely miss the orc priest.
The orc priest calls down the wrath of Beogh upon you.
You barely resist.
The orc hits you from afar with a +0 trident!
The orc priest miscasts a cantrip.
You hit the orc priest.
Your tail-slap misses the orc priest.
The orc priest is lightly wounded.
The orc priest mumbles some strange prayers to Beogh against you.
Beogh smites you!
The orc hits you from afar with a +0 trident.
You hit the orc priest.
The orc priest is heavily wounded.
The orc priest hits you with a +0 mace.
The orc hits you from afar with a +0 trident.
* * * LOW HITPOINT WARNING * * *
The orc priest closely misses you.
The orc priest invokes the aid of Beogh against you.
Beogh smites you!
You die...

##### #...#
######...######
#....'...ooo...
##.###.@o#####
#†# ####o.....
#.# ###.. #.#
#.### #...#
###.# #...#
#.###


You could see 2 orc priests and 3 orcs.

Vanquished Creatures
  Terence (D:1)
  A worm (D:1)
  A dart slug (D:1)
  2 endoplasms
  2 giant cockroaches (D:1)
  3 goblins
  4 hobgoblins
  9 jackals
  2 quokkas (D:1)
  3 ball pythons
  A bat (D:1)
  2 frilled lizards (D:1)
  4 kobolds
  4 rats
39 creatures vanquished.

Notes
Turn   | Place    | Note
-------+----------+-------------------------------------------
     0 | D:1      | BlueGoblin the Draconian Warper began the quest for the
                  | Orb.
     0 | D:1      | Reached XP level 1. HP: 17/17 MP: 3/3
   238 | D:1      | Reached XP level 2. HP: 21/24 MP: 5/5
   350 | D:1      | Learned a level 2 spell: Blink
   726 | D:1      | Found a faded altar of an unknown god.
   950 | D:1      | Reached XP level 3. HP: 30/30 MP: 6/6
  1091 | D:2      | Noticed Terence
  1172 | D:2      | Noticed Sigmund
  2319 | D:1      | Killed Terence
  2320 | D:1      | Reached XP level 4. HP: 25/37 MP: 7/7
  2767 | D:2      | Found a runed translucent door.
  2768 | D:2      | Noticed Crazy Yiuf
  3346 | D:3      | Killed from afar by an orc priest

Illustrated notes

Levels and vault maps discovered:
D:1:      minmay_arrival_hallway, layout_basic, chequers_ecumenical_altar_simple
D:2:      layout_basic, nicolae_underground_beach, uniq_sigmund,
          uniq_crazy_yiuf_cottage, uniq_terence
D:3:      layout_basic, nicolae_hepliaklqana_hazy_memory, marbit_many_paths,
          nemelex_xobeh_ov_fountains_minmay, overflow_temple_1_default,
          kennysheep_nondescript, uniq_natasha, uniq_jessica

Action                   |  1- 3 |  4- 6 || total
-------------------------+-------+-------++-------
Melee: Falchion          |   122 |    11 ||   133
       Tailslap          |    15 |     3 ||    18
       Morningstar       |     6 |    20 ||    26
Throw: Boomerang         |     6 |       ||     6
 Cast: Blink             |     2 |       ||     2
  Use: Scroll            |     3 |       ||     3
       Potion            |       |     3 ||     3
Armor: Skin              |    46 |     8 ||    54
Dodge: Dodged            |    92 |    22 ||   114

Table legend: (Time is in decaauts)
 A = Elapsed time spent in this place.
 B = Non-inter-level travel time spent in this place.
 C = Inter-level travel time spent in this place.
 D = Time resting spent in this place.
 E = Time spent auto-exploring this place.
 F = Levels seen in this place.
 G = Mean time per level.
                   A        B        C        D        E       F      G
               +--------+--------+--------+--------+--------+-----+--------+
         Total |   3389 |   3179 |    210 |   1520 |   1138 |   3 | 1129.7 |
       Dungeon |   3389 |   3179 |    210 |   1520 |   1138 |   3 | 1129.7 |
               +--------+--------+--------+--------+--------+-----+--------+

Top non-repeatable levels by time:
     D:1: 2485 daAuts
     D:2: 850 daAuts
     D:3: 53 daAuts
